 Dungeon Crawl Stone Soup version 0.17.2-1-ge4368a0 (webtiles) character file.

31 tidbits the Magician (level 2, 6/22 HPs)
             Began as a Demigod Transmuter on Sept 19, 2017.
             Quit the game on level 5 of the Dungeon.
             The game lasted 00:04:50 (439 turns).

tidbits the Magician (Demigod Transmuter)            Turns: 439, Time: 00:04:50

Health: 6/22       AC:  3    Str: 13    XL:     2   Next: 90%
Magic:  1/8        EV: 12    Int: 17    God:
Gold:   70         SH:  0    Dex: 16    Spells: 2 memorised, 4 levels left

rFire  . . .     SeeInvis .     f - +0 short sword
rCold  . . .     Clarity  .     b - +0 robe
rNeg   . . .     SustAt   +     (no shield)
rPois  .         Gourm    +     (no helmet)
rElec  .         Spirit   .     n - +0 cloak
rCorr  .         Warding  .     (no gloves)
rMut   .         Rnd*Tele +     (no boots)
MR     .....                    m - amulet of the gourmand
Stlth  +.........               (no ring)
                                g - ring of teleportation (curse)

@: lethally poisoned (6 -> -6), appendage (expiring), very slightly
contaminated, not resistant to hostile enchantments, very unstealthy
A: horns 2, high mp 1, sustain attributes
a: End Transformation, Evoke Teleportation


You were on level 5 of the Dungeon.
You were not hungry.
You had grown temporary horns.
You visited 1 branch of the dungeon, and saw 5 of its levels.

You collected 70 gold pieces.

Inventory:

Hand Weapons
 f - a +0 short sword (weapon)
   (You took it off a kobold on level 2 of the Dungeon)
Missiles
 a - 11 arrows
Armour
 b - a +0 robe (worn)
 n - a +0 cloak (worn)
   (You found it on level 3 of the Dungeon)
Jewellery
 g - a cursed ring of teleportation (left hand)
   (You found it on level 4 of the Dungeon)
 m - an amulet of the gourmand (around neck)
   (You found it on level 3 of the Dungeon)
Wands
 l - a wand of slowing (34)
   (You found it on level 3 of the Dungeon)
Scrolls
 e - a scroll of magic mapping {unknown}
 j - 2 scrolls of identify
Books
 c - a book of Changes

   Spells                             Type                      Level
   a - Beastly Appendage              Transmutation                1
   b - Sticks to Snakes               Transmutation                2
   c - Spider Form                    Transmutation/Poison         3
   d - Ice Form                       Ice/Transmutation            4
   e - Blade Hands                    Transmutation                5
Comestibles
 d - 2 bread rations
 h - 2 fruits
 o - 5 chunks of flesh


   Skills:
 - Level 0.8 Fighting
 - Level 1.7 Dodging
 - Level 2.6 Unarmed Combat
 + Level 3.0 Spellcasting
 - Level 1.7 Transmutations


You had 4 spell levels left.
You knew the following spells:

 Your Spells              Type           Power        Failure   Level  Hunger
e - Beastly Appendage     Trmt           #.....       10%         1    None
k - Sticks to Snakes      Trmt           #.........   14%         2    ##.....


Dungeon Overview and Level Annotations

Branches:
Dungeon (5/15)
 Temple: D:4-7


Innate Abilities, Weirdness & Mutations

You have an increased reservoir of magic (+10% MP).
Your attributes are resistant to harm.
You have a pair of horns on your head.


Message History

You miscast Beastly Appendage.
You are very lightly contaminated with residual magic.
Waves of light ripple over your body.
Casting: Beastly Appendage
Confirm with . or Enter, or press ? or * to list all spells.
You miscast Sticks to Snakes.
Nothing appears to happen.
You completely miss the ball python. The ball python closely misses you.
The ball python grabs you. The ball python constricts you.
You hit the ball python.
You kill the ball python!
You see here a ball python corpse.
You butcher the ball python corpse.
o - 5 chunks of flesh (gained 4)
You see here a ball python skeleton.
Found a whip.
There is a stone staircase leading down here.
You climb downwards.
A worker ant comes into view.
Found a scroll of identify and a dagger.
There is a stone staircase leading up here.
Casting: Sticks to Snakes
Confirm with . or Enter, or press ? or * to list all spells.
You create a snake!
You barely miss the worker ant. The worker ant bites you!
Your ball python completely misses the worker ant.
Your ball python barely misses the worker ant.
Casting: Sticks to Snakes
Confirm with . or Enter, or press ? or * to list all spells.
Okay, then.
Casting: Sticks to Snakes
Confirm with . or Enter, or press ? or * to list all spells.
You grow a pair of large bovine horns.
The worker ant bites you but does no damage.
Your ball python closely misses the worker ant.
Your ball python barely misses the worker ant.
Casting: Beastly Appendage
Confirm with . or Enter, or press ? or * to list all spells.
You don't have enough magic to cast that spell.
The worker ant bites you.
* * * LOW HITPOINT WARNING * * *
Drink which item? (? for menu, Esc to quit)
It was a potion of poison.
That liquid tasted very nasty...
You are lethally poisoned!
* * * LOW HITPOINT WARNING * * *
You feel sick.
Your ball python barely misses the worker ant.
Your ball python grabs the worker ant.
Your ball python constricts the worker ant.
The worker ant closely misses you.
Drink which item? (? for menu, Esc to quit)
You feel better.
Your ball python completely misses the worker ant.
Your ball python constricts the worker ant.
The worker ant barely misses you.
Your ball python bites the worker ant but does no damage.
Your ball python constricts the worker ant.
You hit the worker ant.
The worker ant is heavily wounded.
Your transformation is almost over.
The worker ant bites you.
You are poisoned.
The worker ant poisons you!
Your ball python bites the worker ant but does no damage.
Your ball python constricts the worker ant.
You hit the worker ant but do no damage.
The worker ant is heavily wounded.
You feel sick. The worker ant bites you.
Your ball python bites the worker ant but does no damage.
Your ball python constricts the worker ant.
The worker ant bites you.
* * * LOW HITPOINT WARNING * * *
You are lethally poisoned!
The worker ant poisons you!
You hit the worker ant.
You punch the worker ant, but do no damage.
The worker ant is severely wounded.
* * * LOW HITPOINT WARNING * * *
You feel sick.
Your ball python bites the worker ant but does no damage.
Your ball python constricts the worker ant.
The worker ant closely misses you.
Your ball python bites the worker ant.
Your ball python constricts the worker ant.
You hit the worker ant but do no damage.
The worker ant is severely wounded.
* * * LOW HITPOINT WARNING * * *
You feel sick. The worker ant closely misses you.
Your ball python bites the worker ant but does no damage.
Your ball python constricts the worker ant.
You hit the worker ant. You headbutt the worker ant.
You kill the worker ant!
Your Spellcasting skill increases to level 3!
* * * LOW HITPOINT WARNING * * *
You feel sick.
You aren't carrying any potions.
Unknown command.
Read which item? (? for menu, Esc to quit)
Okay, then.
Are you sure you want to abandon this character and quit the game? (Confirm with "yes".)

# .....# .#.
#....# ..#
##....+ #....
#.....#
#.#.##.....##
##...........##
#...?.........##
#<@......#
#..S........
#..#........
#..#........
#...........
..##........ )..
.......## ##..
.......#


You could see a friendly ball python.

Vanquished Creatures
  A worker ant (D:5)
  4 ball pythons
  A giant cockroach (D:2)
  2 kobolds
  A bat (D:1)
  A giant newt (D:1)
  2 rats (D:2)
12 creatures vanquished.

Notes
Turn   | Place    | Note
--------------------------------------------------------------
     0 | D:1      | tidbits the Demigod Transmuter began the quest for the Orb.
     0 | D:1      | Reached XP level 1. HP: 15/15 MP: 5/5
    96 | D:2      | Reached skill level 2 in Spellcasting
   395 | D:3      | Found a sacrificial altar of Ru.
   398 | D:3      | Reached XP level 2. HP: 22/22 MP: 2/7
   405 | D:3      | Learned a level 2 spell: Sticks to Snakes
   427 | D:5      | Entered Level 5 of the Dungeon
   438 | D:5      | Reached skill level 3 in Spellcasting
   439 | D:5      | Quit the game

Action                   || total
-------------------------++-------
Melee: Short sword       ||    33
       Unarmed           ||     8
 Cast: Beastly Appendage ||    12
       Sticks to Snakes  ||     1
 Abil: Evoke Teleportati ||     1
  Use: Scroll            ||     3
       Potion            ||     2

Table legend:
 A = Turns spent in this place as a percentage of turns spent in the entire game.
 B = Non-inter-level travel turns spent in this place as a percentage of non-inter-level travel turns spent in the entire game.
 C = Inter-level travel turns spent in this place as a percentage of turns spent in this place.
 D = Turns resting spent in this place as a percentage of non-inter-level travel turns spent in this place.
 E = Turns spent auto-exploring this place as a percentage of non-inter-level travel turns spent in this place.
 F = Non-inter-level travel turns spent in this place divided by the number of levels of this place that you've seen.
                   A       B       C       D       E      F
               +-------+-------+-------+-------+-------+----------------------
         Total | 100.0 | 100.0 |   0.0 |   0.0 |   0.0 |  79.2
       Dungeon | 100.0 | 100.0 |   0.0 |   0.0 |   0.0 |  79.2
               +-------+-------+-------+-------+-------+----------------------

Table legend:
 A = Kills in this place as a percentage of kills in entire the game.
 B = Kills by you in this place as a percentage of kills by you in the entire game.
 C = Kills by friends in this place as a percentage of kills by friends in the entire game.
 D = Other kills in this place as a percentage of other kills in the entire game.
 E = Experience gained in this place as a percentage of experience gained in the entire game.
 F = Experience gained in this place divided by the number of levels of this place that you have seen.
                   A       B       C       D       E      F
               +-------+-------+-------+-------+-------+----------------------
         Total | 100.0 | 100.0 |  -nan |  -nan | 100.0 |   9.0
       Dungeon | 100.0 | 100.0 |  -nan |  -nan | 100.0 |   9.0
               +-------+-------+-------+-------+-------+----------------------

Vault maps used:
D:1:      matt_arrival_refuge
D:3:      lemuel_upstairs_altar, cheibriados_altar_1, grunt_ministairs_11
D:4:      zin_purify, serial_shops, shop
D:5:      gammafunk_temple_overflow_claw, first_bread, uniq_duvessa,
          uniq_eustachio
